Map: Traitor's Exile

Players

sKulLsOul - Winner!

  • Race: Zerg Zerg
  • League: Diamond
  • Spawn Location: 9:00

PureLegacy - Winner!

  • Race: Terran Terran
  • Spawn Location: 12:00

Jizzles

  • Race: Terran Terran
  • League: Platinum
  • Spawn Location: 6:00

Infestivus

  • Race: Zerg Zerg
  • League: Master
  • Spawn Location: 5:00

VOD

Have the link to the VOD?

Description

Time

  • Played on: Nov. 25, 2018, 9:25 p.m.
  • Length: 5:31
Show
View Real Time Build Order
Export as new Build Order

sKulLsOul Zerg - Winner!

Build Orders: Pool First 

Get SALT Encoding   

  12  0:12  Extractor  
  11  0:21  Spawning Pool  
  11  0:26  Drone  
  11  0:32  Drone  
  12  0:45  Overlord  
  12  1:08  Zergling x6  
  15  1:15  Metabolic Boost  
  15  1:20  Zergling x2  
  16  1:30  Zergling x2  
  17  1:37  Queen  
  19  1:47  Overlord  
  19  1:54  Zergling x2  
  20  2:03  Zergling x2  
  21  2:13  Zergling x2  
  22  2:26  Zergling x2  
  23  2:35  Zergling x2  
  23  2:50  Zergling x4  
  20  2:54  Zergling x2  
  20  2:55  Zergling x2  
  20  3:00  Drone  
  20  3:03  Hatchery  
  19  3:13  Zergling x2  
  19  3:22  Zergling x4  
  19  3:23  Zergling x2  
  18  3:34  Zergling x2  
  19  3:41  Roach Warren  
  19  3:45  Zergling x2  
  19  3:57  Zergling x4  
  19  3:58  Zergling x2  
  22  4:08  Zergling x2  
  23  4:24  Zergling x4  
  19  4:26  Zergling x4  
  19  4:34  Zergling x2  
  19  4:35  Zergling x2  
  21  4:41  Drone  
  22  4:53  Drone x2  
  22  4:59  Drone  
  25  5:03  Drone  
Show
View Real Time Build Order
Export as new Build Order

PureLegacy Terran - Winner!

Build Orders:  

Get SALT Encoding   

  12  0:01  SCV  
  13  0:13  SCV  
  14  0:20  Supply Depot  
  14  0:26  SCV  
  15  0:30  Refinery  
  15  0:42  SCV  
  16  0:46  Barracks  
  16  0:54  SCV  
  17  1:03  Barracks  
  17  1:17  Barracks  
  17  1:22  SCV  
  18  1:33  Reaper  
  19  1:40  Orbital Command  
  19  1:48  Refinery  
  19  1:53  Reaper  
  20  2:01  Supply Depot  
  20  2:05  Reaper  
  21  2:10  Reaper  
  22  2:16  SCV  
  23  2:23  Supply Depot  
  23  2:26  Reaper  
  23  2:29  SCV  
  25  2:37  Reaper  
  25  2:41  SCV  
  27  3:00  Reaper  
  27  3:02  Reaper  
  27  3:03  SCV  
  30  3:11  Reaper  
  30  3:12  Command Center  
  31  3:20  SCV  
  32  3:33  Reaper  
  33  3:34  Reaper  
  33  3:43  Barracks  
  33  3:45  SCV  
  33  3:46  Barracks  
  32  4:00  Reaper  
  33  4:04  Engineering Bay, SCV  
  33  4:07  Reaper  
  33  4:08  Reaper  
  35  4:32  Reaper  
  35  4:33  Reaper  
  35  4:34  Orbital Command  
  37  4:38  Refinery  
  37  4:39  Reaper  
  37  4:41  Reaper  
  37  4:44  SCV  
  40  4:50  Refinery, Missile Turret  
  41  4:52  Reaper  
  41  5:02  SCV  
  43  5:10  SCV  
Show
View Real Time Build Order
Export as new Build Order

Jizzles Terran 

Build Orders:  

Get SALT Encoding   

  12  0:00  SCV  
  13  0:13  SCV  
  14  0:21  Supply Depot  
  14  0:25  SCV  
  15  0:41  Refinery  
  15  0:42  SCV  
  16  0:48  Barracks  
  16  0:54  SCV  
  17  0:58  Refinery  
  17  1:13  SCV  
  18  1:26  SCV  
  19  1:35  Barracks Tech Lab  
  19  1:39  Orbital Command  
  19  1:40  Factory  
  19  1:48  Supply Depot  
  19  1:56  Marauder  
  19  1:59  Concussive Shells  
  21  2:06  SCV  
  22  2:17  Marauder  
  22  2:18  SCV  
  25  2:25  Factory Reactor  
  25  2:40  Supply Depot  
  25  2:41  Marauder  
  27  3:05  Hellion x2  
  31  3:11  SCV  
  32  3:19  Marauder  
  32  3:37  Hellion x2  
  32  3:40  Marauder  
  36  4:00  Command Center  
  36  4:02  Hellion, Marauder  
  28  4:32  Hellion x2  
  28  4:35  Marauder  
  32  4:42  SCV  
  32  4:45  Factory  
  33  4:53  Supply Depot  
  33  4:54  SCV, Starport  
  34  5:06  SCV  
Show
View Real Time Build Order
Export as new Build Order

Infestivus Zerg 

Build Orders: Pool First 

Get SALT Encoding   

  12  0:01  Drone  
  13  0:08  Drone  
  14  0:15  Extractor  
  14  0:16  Drone  
  14  0:35  Spawning Pool  
  14  0:38  Drone  
  14  0:46  Overlord  
  14  1:06  Drone x3  
  17  1:22  Metabolic Boost  
  17  1:24  Queen  
  19  1:28  Zergling x2  
  20  1:34  Overlord  
  21  1:40  Zergling x2  
  21  2:00  Hatchery  
  21  2:01  Zergling x2  
  21  2:04  Zergling x2  
  22  2:13  Zergling x2  
  23  2:23  Zergling x2  
  20  2:56  Zergling x8  
  21  3:03  Queen  
  21  3:05  Zergling x2  
  22  3:15  Zergling x8  
  26  3:21  Queen  
  23  3:36  Zergling x6  
  26  3:45  Zergling x4  
  24  3:57  Zergling x6  
  27  4:06  Zergling x2  
  21  4:25  Zergling x4  
  21  4:26  Zergling x6  
  26  4:34  Zergling x6  
  29  4:41  Zergling x2  
  29  4:42  Zergling x2  
  31  4:49  Zergling x2  
  31  4:50  Zergling x2  
Tags
 
Add a new tag
Caveats
  • Supply blocks, unpowered buildings, or Contaminate may cause inaccurate times.
  • Supply counts are checked every 10 seconds.